 Dungeon Crawl Stone Soup version 0.29-a0-1008-g949cc1d0fb (webtiles) character file.

Game seed: 5647980529138165847

138 Mesmaeker13 the Insei (level 5, -12/33 HPs)
             Began as an Octopode Transmuter on Aug 7, 2022.
             Was an Initiate of Ashenzari.
             Mangled by an ogre
             ... wielding a +0 giant club
              (17 damage)
             ... on level 3 of the Dungeon.
             The game lasted 00:03:58 (2926 turns).

Mesmaeker13 the Insei (Octopode Transmuter)         Turns: 2926, Time: 00:03:59

Health: -12/33     AC:  2    Str:  9    XL:     5   Next: 21%
Magic:  7/9        EV: 24    Int: 18    God:    Ashenzari [......]
Gold:   159        SH:  0    Dex: 23    Spells: 4/10 levels left

rFire   . . .      SeeInvis .     - Unarmed
rCold   + . .      Faith    .   (shield currently unavailable)
rNeg    . . .      Spirit   .   (helmet currently unavailable)
rPois   x          Reflect  .   (no amulet)
rElec   .          Harm     .   g - +4 ring of evasion
rCorr   .          Rampage  .   j - ring of protection from cold
Will    .....                   l - +6 ring of dexterity
Stlth   ++........              (no ring)
HPRegen 0.11/turn               (no ring)
MPRegen 0.11/turn               (no ring)
                                (no ring)
                                (no ring)

@: spider-form (expiring)
A: venomous fangs, almost no armour, (amphibious), 8 rings, tiny, (camouflage
1), (gelatinous body 1), (nimble swimmer 1), (tentacles)
a: End Transformation, Renounce Religion


You were on level 3 of the Dungeon.
You worshipped Ashenzari.
Ashenzari was noncommittal.
You were a venomous arachnid creature.
You visited 1 branch of the dungeon, and saw 4 of its levels.

You collected 159 gold pieces.

Inventory:

Missiles
 b - 16 poisoned darts
Jewellery
 g - a +4 ring of evasion (left front leg)
 j - a ring of protection from cold (right front leg)
 l - a +6 ring of dexterity (on tentacle)
Scrolls
 e - a scroll of poison {unknown}
 i - a scroll of enchant weapon {unknown}
 k - a scroll of blinking {unknown}
 m - a scroll of silence {unknown}
Potions
 a - a potion of lignification
 c - a potion of haste {unknown}
 d - a potion of magic {unknown}
 f - a potion of degeneration {unknown}
 h - a potion of heal wounds {unknown}


   Skills:
 - Level 1.0 Fighting
 - Level 2.0 Dodging
 + Level 3.9 Unarmed Combat
 + Level 3.0 Spellcasting
 + Level 3.2 Transmutations
 + Level 1.7 Poison Magic


You had 4 spell levels left.
You knew the following spells:

 Your Spells              Type           Power      Damage    Failure   Level
a - Beastly Appendage     Tmut           28%        N/A       13%         1
b - Wereblood             Tmut           14%        N/A       17%         2
c - Spider Form           Tmut/Pois      11%        N/A       36%         3

Your spell library contained the following spells:

 Spells                   Type           Power      Damage    Failure   Level
 Magic Dart               Conj           8%         1d3       34%         1
 Call Imp                 Summ           2%         N/A       45%         2
 Mephitic Cloud           Conj/Pois/Air  4%         N/A       58%         3
 Ice Form                 Ice/Tmut       8%         N/A       82%         4


Dungeon Overview and Level Annotations

Branches:
Dungeon (4/15)
 Temple: D:4-7

Altars:
Ashenzari
Fedhas
Kikubaaqudgha
Vehumet

Annotations:
D:2 1 exclusion, Sigmund


Innate Abilities, Weirdness & Mutations

You are a venomous arachnid creature.
You have poisonous fangs.
You are tiny and dextrous.
Your spellcasting is less reliable in this form.
Your armour is entirely melded.
You are incapable of wielding weapons or throwing items.
You cannot wear most types of armour.
((You are amphibious.))
You can wear up to eight rings at the same time.
((Your skin changes colour to match your surroundings (Stealth+).))
((Your rubbery body absorbs attacks. (AC +1, EV +1)))
((You are camouflaged when in or above water. (Stealth+)))
((You have tentacles for arms and can constrict up to eight enemies at once.))


Message History

Things that are here:
a +0 club; an orc corpse You see here a +0 short sword.
There is a stone staircase leading down here.
You start resting.
HP restored.
Magic restored.
You see here 5 stones.
There is a stone staircase leading down here.
You start waiting.
Done waiting.
You climb downwards.
Found a scroll labelled JOMOIT HISTOD.
There is a stone staircase leading up here.
Casting: Spider Form (quite dangerous; 17% risk of failure)
Confirm with . or Enter, or press ? or * to list all spells.
The spell is quite dangerous to miscast (17% risk of failure)!
Continue anyway?
You turn into a venomous arachnid creature.
The ogre shouts!
A goblin comes into view. It is wielding a +0 club.
The goblin shouts!
An ogre comes into view. It is wielding a +0 giant club.
The ogre misses you.
You climb upwards.
There is a stone staircase leading down here.
You hit the ogre but do no damage. You hit the ogre.
The ogre is poisoned.
The ogre is lightly wounded.
Your transformation is almost over.
The ogre hits you with a +0 giant club.
You hit the ogre.
The ogre is moderately wounded.
The ogre hits you with a +0 giant club!!
Ouch! That really hurt!
* * * LOW HITPOINT WARNING * * *
You hit the ogre.
The ogre is severely wounded.
The ogre attacks as you move away! The ogre hits you with a +0 giant club!
Ouch! That really hurt!
You die...

...#####...#.##.......#
#.#
._.....'.#.#.##########
#.#
...#####)..........#
##.#
####.....#.#.#####.####
#..#
......................#
#.##
......######.###.#..#.#
#.# #######
#.###.#..#.######.#
#.................#
#####s####.########
#O####.# #......#
########


You could see an ogre (very poisoned).

Vanquished Creatures
  2 orc wizards
  3 adders (D:3)
  A worm (D:3)
  A dart slug (D:1)
  7 orcs
  3 bats
  2 endoplasms
  3 giant cockroaches (D:3)
  4 goblins
  5 hobgoblins
  2 quokkas (D:1)
  5 ball pythons
  A frilled lizard (D:3)
  10 kobolds
  3 rats
52 creatures vanquished.

Vanquished Creatures (others)
  A fungus (D:1)
  12 plants
13 creatures vanquished.

Grand Total: 65 creatures vanquished

Notes
Turn   | Place    | Note
-------+----------+-------------------------------------------
     0 | D:1      | Mesmaeker13 the Octopode Transmuter began the quest for the
                  | Orb.
     0 | D:1      | Reached XP level 1. HP: 13/13 MP: 3/3
   413 | D:1      | Reached XP level 2. HP: 15/18 MP: 1/5
   578 | D:1      | Found a faded altar of an unknown god.
   866 | D:1      | You fall into a shaft and drop 1 floor!
  1070 | D:2      | Learned a level 2 spell: Wereblood
  1078 | D:2      | Reached XP level 3. HP: 23/23 MP: 4/6
  1140 | D:2      | Noticed Sigmund
  1471 | D:3      | Learned a level 3 spell: Spider Form
  1781 | D:3      | Found a broken altar of Ashenzari.
  1784 | D:3      | Became a worshipper of Ashenzari the Shackled
  1831 | D:3      | Found a blossoming altar of Fedhas.
  1860 | D:3      | Reached XP level 4. HP: 21/28 MP: 5/8
  2019 | D:3      | Found an ancient bone altar of Kikubaaqudgha.
  2420 | D:3      | Found a radiant altar of Vehumet.
  2594 | D:3      | Reached skill level 1 in Poison Magic
  2671 | D:4      | Noticed an ogre
  2709 | D:4      | Reached XP level 5. HP: 33/33 MP: 3/9
  2917 | D:4      | Noticed an ogre
  2926 | D:3      | Mangled by an ogre

Illustrated notes

Levels and vault maps discovered:
D:1:      minmay_arrival_plants_in_alcoves, layout_basic,
          shapermc_ecumenical_altar_mp_ritualfount
D:2:      layout_rooms, basic_altar, serial_bayou, serial_bayou_shore_a,
          serial_bayou_pond_d, serial_bayou_ford_a, serial_bayou_shore_b,
          uniq_natasha, uniq_jessica, uniq_sigmund
D:3:      layout_loops_cross, mainiacjoe_overflow_surrounded_room,
          mainiacjoe_overflow_swirl, lemuel_coloured_pillars_altar,
          minmay_misc_feat_alley, small_statue_intersection
D:4:      layout_layer_cave, nzn_wu_jian_council_hall, minivault_1,
          minmay_fractal_squares_5, uniq_crazy_yiuf_cottage, uniq_pikel

Skill      XL: |  1  2  3  4 |
---------------+-------------+-----
Transmutations | 3 |  3.2
Poison Magic   | 1 |  1.7
Spellcasting   | 3 |  3.0
Fighting       | |  1.0
Dodging        | |  2.0
Unarmed Combat | |  3.9

Action                   |  1- 3 |  4- 6 || total
-------------------------+-------+-------++-------
Melee: Unarmed           |    71 |    44 ||   115
       Constrict         |    17 |     5 ||    22
       Kick              |    15 |    11 ||    26
       Tentacles         |     9 |     6 ||    15
       Punch             |     1 |     1 ||     2
 Cast: Beastly Appendage |    28 |     7 ||    35
       Spider Form       |       |     3 ||     3
       Wereblood         |       |     1 ||     1
 Stab: Sleeping          |     8 |     1 ||     9
Armor: Skin              |     3 |     2 ||     5
Dodge: Dodged            |    52 |    26 ||    78

Table legend: (Time is in decaauts)
 A = Elapsed time spent in this place.
 B = Non-inter-level travel time spent in this place.
 C = Inter-level travel time spent in this place.
 D = Time resting spent in this place.
 E = Time spent auto-exploring this place.
 F = Levels seen in this place.
 G = Mean time per level.
                   A        B        C        D        E       F      G
               +--------+--------+--------+--------+--------+-----+--------+
         Total |   2917 |   2827 |     90 |    508 |   1786 |   4 |  729.2 |
       Dungeon |   2917 |   2827 |     90 |    508 |   1786 |   4 |  729.2 |
               +--------+--------+--------+--------+--------+-----+--------+

Top non-repeatable levels by time:
     D:3: 1701 daAuts
     D:1: 937 daAuts
     D:2: 247 daAuts
     D:4: 32 daAuts
